TOP OF THE 1ST |
Louisville Cardinals batting - Pitching for Mississippi Rebels : RHP Mike White
|
Pitching: RHP Mike White
|
|
Batting: RHB Troy Legge
|
0-0: Called Strike 0-1: Fly out, F9 (Flyball, 9LSF)
|
Batting: RHB Curt Matthews
|
0-0: Ground out 6-3 (Groundball, 6)
|
Batting: RHB Roberto Peńa
|
0-0: Ball 1-0: Called Strike 1-1: Ball 2-1: DOUBLE (Flyball, 89D)
|
Batting: LHB Miguel Rodríguez
|
0-0: Ball 1-0: Ball 2-0: Called Strike 2-1: Ball 3-1: Foul Ball, location: 2F 3-2: Base on Balls
|
Batting: LHB Pat Belrio
|
0-0: Ball 1-0: Swinging Strike 1-1: Foul Ball, location: 2F 1-2: Strikes out swinging
|
Top of the 1st over - 0 runs, 1 hit, 0 errors, 2 left on base; Louisville 0 - Mississippi 0 |
BOTTOM OF THE 1ST |
Mississippi Rebels batting - Pitching for Louisville Cardinals : LHP Adam Guerrero
|
Pitching: LHP Adam Guerrero
|
|
Batting: LHB Bob Crawford
|
0-0: Ball 1-0: Called Strike 1-1: Swinging Strike 1-2: Ball 2-2: Ball 3-2: Base on Balls
|
Batting: LHB Erik Moore
|
0-0: Ball 1-0: Ball 2-0: Foul Ball, location: 2F 2-1: Foul Ball, location: 2F 2-2: SINGLE (Line Drive, 78M) Bob Crawford to second Runner from 2nd tries for 3rd, SAFE, no throw
|
Batting: LHB Howard Tyler
|
0-0: Ball 1-0: Ball 2-0: Ball 3-0: Base on Balls Erik Moore to second
|
Batting: RHB Jesús Pérez
|
0-0: Foul Ball, location: 2F 0-1: Fly out, F8 (Flyball, 8RM) Throwing error, E8 Bob Crawford scores Erik Moore to third Howard Tyler to second
|
Batting: RHB Manuel Ortíz
|
0-0: DOUBLE (Line Drive, 8LD) Erik Moore scores Howard Tyler scores
|
Batting: RHB Fernando Pagán
|
0-0: Ball 1-0: Ball 2-0: Called Strike 2-1: Foul Ball, location: 2F 2-2: Strikes out swinging
|
Batting: RHB Emílio Pérez
|
0-0: Called Strike 0-1: Foul Ball, location: 2F 0-2: Strikes out looking
|
Bottom of the 1st over - 3 runs, 2 hits, 1 error, 1 left on base; Louisville 0 - Mississippi 3 |
TOP OF THE 2ND |
Louisville Cardinals batting - Pitching for Mississippi Rebels : RHP Mike White
|
Batting: SHB Andrés Sandoval
|
0-0: Ball 1-0: Called Strike 1-1: Ground out 6-3 (Groundball, 6)
|
Batting: LHB Francisco Aguilera
|
0-0: Ball 1-0: Ball 2-0: Foul Ball, location: 2F 2-1: Swinging Strike 2-2: SINGLE (Groundball, 34S) (infield hit)
|
Batting: LHB Stephen Johnston
|
0-0: Ball 1-0: Ball 2-0: Foul Ball, location: 2F 2-1: Ball 3-1: Base on Balls Francisco Aguilera to second
|
Batting: LHB Aaron Ford
|
0-0: Ball 1-0: Ball 2-0: Foul Ball, location: 2F 2-1: Swinging Strike 2-2: Ball 3-2: SINGLE (Line Drive, 7LS) Francisco Aguilera to third Stephen Johnston to second Runner from 3rd tries for Home, SAFE, no throw
|
Batting: RHB Troy Legge
|
0-0: Called Strike 0-1: Called Strike 0-2: Ball 1-2: Ball 2-2: Foul Ball, location: 2F 2-2: Foul Ball, location: 2F 2-2: Ground out 4-3 (Groundball, 4S) Stephen Johnston to third Aaron Ford to second
|
Batting: RHB Curt Matthews
|
0-0: Called Strike 0-1: Foul Ball, location: 2F 0-2: Strikes out swinging
|
Top of the 2nd over - 1 run, 2 hits, 0 errors, 2 left on base; Louisville 1 - Mississippi 3 |
BOTTOM OF THE 2ND |
Mississippi Rebels batting - Pitching for Louisville Cardinals : LHP Adam Guerrero
|
Batting: RHB Jesús Rufino
|
0-0: Reached on error, E3 (Groundball, 34S)
|
Batting: LHB Brian Barrón
|
0-0: Called Strike 0-1: Grounds into double play, 4-6-3 (Groundball, 4)
|
Batting: LHB Bob Crawford
|
0-0: Foul Ball, location: 2F 0-1: Swinging Strike 0-2: Ball 1-2: Ball 2-2: Foul Ball, location: 2F 2-2: Strikes out swinging
|
Bottom of the 2nd over - 0 runs, 0 hits, 1 error, 0 left on base; Louisville 1 - Mississippi 3 |
TOP OF THE 3RD |
Louisville Cardinals batting - Pitching for Mississippi Rebels : RHP Mike White
|
Batting: RHB Roberto Peńa
|
0-0: Called Strike 0-1: Called Strike 0-2: Ball 1-2: Ball 2-2: Ball 3-2: Foul Ball, location: 2F 3-2: Base on Balls
|
Batting: LHB Miguel Rodríguez
|
0-0: Ball 1-0: Ball 2-0: SINGLE (Line Drive, 78S) Roberto Peńa to second
|
Batting: LHB Pat Belrio
|
0-0: Ball 1-0: Grounds into double play, 5-4-3 (Groundball, 5) Roberto Peńa to third
|
Batting: SHB Andrés Sandoval
|
0-0: Ball 1-0: Ball 2-0: Ball 3-0: Base on Balls
|
Batting: LHB Francisco Aguilera
|
0-0: Ball 1-0: Ball 2-0: Ball 3-0: Base on Balls Andrés Sandoval to second
|
Batting: LHB Stephen Johnston
|
0-0: Fielders Choice at 2nd, 6-4 (Groundball, 6)
|
Top of the 3rd over - 0 runs, 1 hit, 0 errors, 3 left on base; Louisville 1 - Mississippi 3 |
BOTTOM OF THE 3RD |
Mississippi Rebels batting - Pitching for Louisville Cardinals : LHP Adam Guerrero
|
Batting: LHB Erik Moore
|
0-0: Ball 1-0: Foul Ball, location: 2F 1-1: Foul Ball, location: 2F 1-2: Fly out, F5 (Flyball, 56D)
|
Batting: LHB Howard Tyler
|
0-0: SINGLE (Groundball, 4D)
|
Batting: RHB Jesús Pérez
|
0-0: Called Strike 0-1: Ball 1-1: Ball 2-1: Ball 3-1: Reached on error, E4 (Groundball, 4) Howard Tyler to second
|
Batting: RHB Manuel Ortíz
|
0-0: Called Strike 0-1: Reached on error, E6 (Groundball, 6) Howard Tyler to third Jesús Pérez to second
|
Batting: RHB Fernando Pagán
|
0-0: Ball 1-0: Ball Wild Pitch! Howard Tyler scores Jesús Pérez to third Manuel Ortíz to second 2-0: Ball 3-0: Base on Balls
|
Batting: RHB Emílio Pérez
|
0-0: Ball 1-0: Ball 2-0: Ball 3-0: Called Strike 3-1: Base on Balls Jesús Pérez scores Manuel Ortíz to third Fernando Pagán to second
|
Batting: RHB Jesús Rufino
|
0-0: DOUBLE (Flyball, 89D) Manuel Ortíz scores Fernando Pagán scores Emílio Pérez to third
|
Pitching: RHP José Pérez
|
|
Batting: LHB Brian Barrón
|
0-0: SINGLE (Line Drive, 4S) (infield hit) Emílio Pérez scores Jesús Rufino to third
|
Batting: LHB Bob Crawford
|
0-0: Ball 1-0: Ball 2-0: Called Strike 2-1: Ball 3-1: Base on Balls Brian Barrón to second
|
Batting: LHB Erik Moore
|
0-0: Called Strike 0-1: Ball 1-1: Foul Ball, location: 2F 1-2: Foul Ball, location: 2F 1-2: Ball 2-2: Grounds into double play, 5-4-3 (Groundball, 56)
|
Bottom of the 3rd over - 5 runs, 3 hits, 2 errors, 2 left on base; Louisville 1 - Mississippi 8 |
TOP OF THE 4TH |
Louisville Cardinals batting - Pitching for Mississippi Rebels : RHP Mike White
|
Batting: LHB Aaron Ford
|
0-0: SINGLE (Line Drive, 34)
|
Batting: RHB Troy Legge
|
0-0: Foul Ball, location: 2F 0-1: Ball 1-1: Swinging Strike 1-2: Ball 2-2: Fly out, F8 (Line Drive, 8RD)
|
Batting: RHB Curt Matthews
|
0-0: Ball 1-0: Foul Ball, location: 2F 1-1: SINGLE (Line Drive, 8LS) Aaron Ford to second
|
Pitching: RHP John Hill
|
|
Batting: RHB Roberto Peńa
|
0-0: Ball 1-0: Called Strike 1-1: Called Strike 1-2: Ball 2-2: Ball 3-2: Base on Balls Aaron Ford to third Curt Matthews to second
|
Batting: LHB Miguel Rodríguez
|
0-0: Called Strike 0-1: Foul Ball, location: 2F 0-2: Foul Ball, location: 2F 0-2: Strikes out swinging
|
Batting: LHB Pat Belrio
|
0-0: DOUBLE (Line Drive, 8RD) Aaron Ford scores Curt Matthews scores Roberto Peńa to third Runner from 3rd tries for Home, SAFE, no throw
|
Batting: SHB Andrés Sandoval
|
0-0: Called Strike 0-1: Ball 1-1: Ball 2-1: Ball 3-1: Base on Balls
|
Batting: LHB Francisco Aguilera
|
0-0: Ball 1-0: Ball Wild Pitch! Pat Belrio to third Andrés Sandoval to second 2-0: Fly out, F4 (Popup, 4)
|
Top of the 4th over - 3 runs, 3 hits, 0 errors, 2 left on base; Louisville 4 - Mississippi 8 |
BOTTOM OF THE 4TH |
Mississippi Rebels batting - Pitching for Louisville Cardinals : RHP José Pérez
|
Batting: LHB Howard Tyler
|
0-0: Ground out 6-3 (Groundball, 6S)
|
Batting: RHB Jesús Pérez
|
0-0: Ball 1-0: Foul Ball, location: 2F 1-1: Ball 2-1: Ball 3-1: Ground out 6-3 (Groundball, 6)
|
Batting: RHB Manuel Ortíz
|
0-0: Ball 1-0: Ball 2-0: Swinging Strike 2-1: Ground out 5-3 (Groundball, 56S)
|
Bottom of the 4th over - 0 runs, 0 hits, 0 errors, 0 left on base; Louisville 4 - Mississippi 8 |
TOP OF THE 5TH |
Louisville Cardinals batting - Pitching for Mississippi Rebels : RHP John Hill
|
Batting: LHB Stephen Johnston
|
0-0: Ball 1-0: Ball 2-0: Foul Ball, location: 2F 2-1: Ball 3-1: Base on Balls
|
Batting: LHB Aaron Ford
|
0-0: Ball 1-0: Ball 2-0: Ball 3-0: Called Strike 3-1: Called Strike 3-2: SINGLE (Line Drive, 56) Stephen Johnston to second Stephen Johnston to third
|
Batting: RHB Troy Legge
|
0-0: Ball 1-0: Ball 2-0: Ball 3-0: Called Strike 3-1: Foul Ball, location: 2F 3-2: Foul Ball, location: 2F 3-2: Base on Balls Aaron Ford to second
|
Batting: RHB Curt Matthews
|
0-0: Ball 1-0: Swinging Strike 1-1: Ball 2-1: Ball 3-1: Called Strike 3-2: Base on Balls Stephen Johnston scores Aaron Ford to third Troy Legge to second
|
Batting: RHB Roberto Peńa
|
0-0: Called Strike 0-1: Foul Ball, location: 2F 0-2: Ball 1-2: Foul Ball, location: 2F 1-2: Fly out, F8 (Flyball, 8LD) Runner from 3rd tags up, SCORES, throw made
|
Batting: LHB Miguel Rodríguez
|
0-0: Ball 1-0: Ball 2-0: Called Strike 2-1: Foul Ball, location: 2F 2-2: Ball 3-2: Foul Ball, location: 2F 3-2: Base on Balls Troy Legge to third Curt Matthews to second
|
Pitching: RHP Thomas Mason
|
|
Batting: LHB Pat Belrio
|
0-0: Foul Ball, location: 2F 0-1: Ball 1-1: Foul Ball, location: 2F 1-2: Strikes out swinging
|
Batting: SHB Andrés Sandoval
|
0-0: SINGLE (Flyball, 78M) Troy Legge scores Curt Matthews to third Miguel Rodríguez to second
|
Batting: LHB Francisco Aguilera
|
0-0: Called Strike 0-1: Ball 1-1: Ball 2-1: Foul Ball, location: 2F 2-2: Single, Error in OF, E9, batter to second base Curt Matthews scores Miguel Rodríguez scores Andrés Sandoval to third
|
Batting: LHB Stephen Johnston
|
0-0: Ball 1-0: Ball 2-0: Ball 3-0: Called Strike 3-1: Base on Balls
|
Batting: LHB Aaron Ford
|
0-0: Called Strike 0-1: Ball 1-1: Swinging Strike 1-2: Foul Ball, location: 2F 1-2: Foul Ball, location: 2F 1-2: Strikes out swinging
|
Top of the 5th over - 5 runs, 3 hits, 1 error, 3 left on base; Louisville 9 - Mississippi 8 |
BOTTOM OF THE 5TH |
Mississippi Rebels batting - Pitching for Louisville Cardinals : RHP José Pérez
|
Batting: RHB Fernando Pagán
|
0-0: Foul Ball, location: 2F 0-1: Swinging Strike 0-2: Ball 1-2: Ball 2-2: Strikes out swinging
|
Batting: RHB Emílio Pérez
|
0-0: Ball 1-0: Ground out 5-3 (Groundball, 5)
|
Batting: RHB Jesús Rufino
|
0-0: Ball 1-0: Ball 2-0: Foul Ball, location: 2F 2-1: Ball 3-1: Base on Balls
|
Batting: LHB Brian Barrón
|
0-0: Called Strike 0-1: Ground out 4-3 (Groundball, 4)
|
Bottom of the 5th over - 0 runs, 0 hits, 0 errors, 1 left on base; Louisville 9 - Mississippi 8 |
TOP OF THE 6TH |
Louisville Cardinals batting - Pitching for Mississippi Rebels : RHP Thomas Mason
|
Batting: RHB Troy Legge
|
0-0: Ball 1-0: SOLO HOME RUN (Flyball, 7LD), Distance : 324 ft
|
Batting: RHB Curt Matthews
|
0-0: Ball 1-0: Ball 2-0: Ball 3-0: Base on Balls
|
Batting: RHB Roberto Peńa
|
0-0: Called Strike 0-1: Foul Ball, location: 2F 0-2: Grounds into double play, 6-4-3 (Groundball, 6)
|
Batting: LHB Miguel Rodríguez
|
0-0: SOLO HOME RUN (Flyball, 9D), Distance : 362 ft
|
Batting: LHB Pat Belrio
|
0-0: Foul Ball, location: 2F 0-1: Ball 1-1: Ball 2-1: Ball 3-1: SINGLE (Groundball, 34D)
|
Batting: SHB Andrés Sandoval
|
0-0: Called Strike 0-1: Foul Ball, location: 2F 0-2: SINGLE (Groundball, 6) (infield hit) Pat Belrio to second
|
Batting: LHB Francisco Aguilera
|
0-0: Foul Ball, location: 2F 0-1: Called Strike 0-2: Ball 1-2: Ball 2-2: Ground out 3-1 (Groundball, 34)
|
Top of the 6th over - 2 runs, 4 hits, 0 errors, 2 left on base; Louisville 11 - Mississippi 8 |
BOTTOM OF THE 6TH |
Mississippi Rebels batting - Pitching for Louisville Cardinals : RHP José Pérez
|
Batting: LHB Bob Crawford
|
0-0: Ball 1-0: Ball 2-0: Foul Ball, location: 2F 2-1: Ball 3-1: Foul Ball, location: 2F 3-2: Foul Ball, location: 2F 3-2: Foul Ball, location: 2F 3-2: Fly out, F7 (Flyball, 7S)
|
Batting: LHB Erik Moore
|
0-0: Called Strike 0-1: Ball 1-1: Ball 2-1: Foul Ball, location: 2F 2-2: Ball 3-2: Base on Balls
|
Batting: LHB Howard Tyler
|
0-0: Called Strike 0-1: Ball 1-1: Ball 2-1: Called Strike 2-2: Ball 3-2: Foul Ball, location: 2F 3-2: Foul Ball, location: 2F 3-2: Foul Ball, location: 2F 3-2: Base on Balls Erik Moore to second
|
Pitching: RHP Ray Travis
|
|
Batting: RHB Jesús Pérez
|
0-0: Called Strike 0-1: Swinging Strike 0-2: Ball 1-2: Strikes out swinging
|
Batting: RHB Manuel Ortíz
|
0-0: Called Strike 0-1: Ball 1-1: Ball 2-1: Called Strike 2-2: Strikes out looking
|
Bottom of the 6th over - 0 runs, 0 hits, 0 errors, 2 left on base; Louisville 11 - Mississippi 8 |
TOP OF THE 7TH |
Louisville Cardinals batting - Pitching for Mississippi Rebels : RHP Thomas Mason
|
Batting: LHB Stephen Johnston
|
0-0: Called Strike 0-1: Ball 1-1: Foul Ball, location: 2F 1-2: Fly out, F4 (Popup, 23)
|
Batting: LHB Aaron Ford
|
0-0: SOLO HOME RUN (Flyball, 9LD), Distance : 340 ft
|
Batting: RHB Troy Legge
|
0-0: Ball 1-0: Ball 2-0: Ball 3-0: Base on Balls
|
Batting: RHB Curt Matthews
|
0-0: Ball Troy Legge steals 2nd base 1-0: Foul Ball, location: 2F 1-1: Ball Troy Legge steals 3rd base 2-1: Foul Ball, location: 2F 2-2: Ball 3-2: SINGLE (Groundball, 56D) Troy Legge scores
|
Batting: RHB Roberto Peńa
|
0-0: Called Strike 0-1: Ball 1-1: Ball 2-1: SINGLE (Groundball, 56) (infield hit) Curt Matthews to second
|
Batting: LHB Miguel Rodríguez
|
0-0: Swinging Strike 0-1: Swinging Strike 0-2: Ball Balk! Curt Matthews to third Roberto Peńa to second 1-2: SINGLE (Groundball, 4MD) Curt Matthews scores Roberto Peńa to third Runner from 3rd tries for Home, SAFE, no throw
|
Batting: LHB Pat Belrio
|
0-0: Called Strike 0-1: Foul Ball, location: 2F 0-2: Ball 1-2: Foul Ball, location: 2F 1-2: Ball 2-2: Grounds into double play, 3-6-3 (Groundball, 34)
|
Top of the 7th over - 4 runs, 4 hits, 0 errors, 0 left on base; Louisville 15 - Mississippi 8 |
BOTTOM OF THE 7TH |
Mississippi Rebels batting - Pitching for Louisville Cardinals : RHP Ray Travis
|
Batting: RHB Fernando Pagán
|
0-0: Ball 1-0: Called Strike 1-1: Ball 2-1: Ball 3-1: Base on Balls
|
Batting: RHB Emílio Pérez
|
0-0: Ball 1-0: Swinging Strike 1-1: Ball 2-1: Swinging Strike 2-2: Ball 3-2: Base on Balls Fernando Pagán to second
|
Batting: RHB Jesús Rufino
|
0-0: Ball 1-0: Ball 2-0: Ball 3-0: Called Strike 3-1: SINGLE (Line Drive, 78M) Fernando Pagán to third Emílio Pérez to second Runner from 3rd tries for Home, SAFE, no throw
|
Batting: LHB Brian Barrón
|
0-0: Fly out, F5 (Line Drive, 56)
|
Batting: LHB Bob Crawford
|
0-0: Ball 1-0: Foul Ball, location: 2F 1-1: Called Strike 1-2: SINGLE (Groundball, 34S) (infield hit) Emílio Pérez to third Jesús Rufino to second
|
Batting: LHB Erik Moore
|
0-0: Ball 1-0: Ball 2-0: Ball 3-0: Called Strike 3-1: Called Strike 3-2: SINGLE (Groundball, 6MD) Emílio Pérez scores Jesús Rufino to third Bob Crawford to second
|
Batting: LHB Howard Tyler
|
Balk! Jesús Rufino scores Bob Crawford to third Erik Moore to second
|
Pitching: RHP César Mejía
|
0-0: SINGLE (Groundball, 56D) Bob Crawford scores Erik Moore to third Runner from 3rd tries for Home, SAFE, no throw
|
Batting: RHB Jesús Pérez
|
0-0: Called Strike 0-1: Ball Wild Pitch! Howard Tyler to second 1-1: Ball 2-1: Ball 3-1: Base on Balls
|
Batting: RHB Manuel Ortíz
|
0-0: SINGLE (Groundball, 56D) Howard Tyler to third Jesús Pérez to second Runner from 3rd tries for Home, SAFE, no throw
|
Batting: RHB Fernando Pagán
|
0-0: Called Strike 0-1: Ball 1-1: Foul Ball, location: 2F 1-2: Ball 2-2: Foul Ball, location: 2F 2-2: Foul Ball, location: 2F 2-2: Ball 3-2: Base on Balls Jesús Pérez to third Manuel Ortíz to second
|
Batting: RHB Emílio Pérez
|
0-0: Fly out, F7 (Flyball, 7D) Runner from 3rd tags up, SCORES, no throw
|
Batting: RHB Jesús Rufino
|
0-0: Called Strike 0-1: Foul Ball, location: 2F 0-2: Ball 1-2: Ball 2-2: Foul Ball, location: 2F 2-2: Fielders Choice at 2nd, 6-4 (Groundball, 56)
|
Bottom of the 7th over - 7 runs, 5 hits, 0 errors, 2 left on base; Louisville 15 - Mississippi 15 |
TOP OF THE 8TH |
Louisville Cardinals batting - Pitching for Mississippi Rebels : RHP Thomas Mason
|
Batting: SHB Andrés Sandoval
|
0-0: Ball 1-0: SINGLE (Line Drive, 78S)
|
Pinch Runner at 1st Edison Knight:
|
|
Batting: LHB Francisco Aguilera
|
0-0: Called Strike 0-1: Bunt missed! 0-2: Ball 1-2: Foul Ball, location: 2F 1-2: Ball 2-2: Fly out, F7 (Flyball, 7)
|
Batting: LHB Stephen Johnston
|
0-0: Ball 1-0: Ball Edison Knight steals 2nd base 2-0: Intentional Walk
|
Batting: LHB Aaron Ford
|
0-0: Ball 1-0: Called Strike 1-1: Swinging Strike 1-2: Fly out, F7 (Flyball, 7S)
|
Batting: RHB Troy Legge
|
0-0: Foul Ball, location: 2F 0-1: Foul Ball, location: 2F 0-2: Foul Ball, location: 2F 0-2: Strikes out swinging
|
Top of the 8th over - 0 runs, 1 hit, 0 errors, 2 left on base; Louisville 15 - Mississippi 15 |
BOTTOM OF THE 8TH |
Mississippi Rebels batting - Pitching for Louisville Cardinals : RHP César Mejía
|
Pitching: LHP Chris Belcher
|
|
Now at 2B: Edison Knight
|
|
Batting: LHB Brian Barrón
|
0-0: Ball 1-0: Called Strike 1-1: Fly out, F9 (Flyball, 89D)
|
Batting: LHB Bob Crawford
|
0-0: SINGLE (Flyball, 89M)
|
Batting: LHB Erik Moore
|
0-0: Ball 1-0: Ball 2-0: Called Strike 2-1: Ball 3-1: Called Strike 3-2: Fielders Choice at 2nd, 6-4 (Groundball, 6D)
|
Batting: LHB Howard Tyler
|
0-0: Ball Erik Moore is caught stealing 2nd base
|
Bottom of the 8th over - 0 runs, 1 hit, 0 errors, 0 left on base; Louisville 15 - Mississippi 15 |
TOP OF THE 9TH |
Louisville Cardinals batting - Pitching for Mississippi Rebels : RHP Thomas Mason
|
Pitching: RHP Luis Valenzuela
|
|
Batting: RHB Curt Matthews
|
0-0: Swinging Strike 0-1: Foul Ball, location: 2F 0-2: Strikes out looking
|
Batting: RHB Roberto Peńa
|
0-0: Ball 1-0: SINGLE (Line Drive, 8RS)
|
Batting: LHB Miguel Rodríguez
|
0-0: Ball 1-0: Called Strike 1-1: DOUBLE (Line Drive, 9LS) Roberto Peńa to third
|
Pitching: LHP Paul Hart
|
|
Batting: LHB Pat Belrio
|
0-0: Swinging Strike 0-1: Ball 1-1: Swinging Strike 1-2: Fly out, F7 (Flyball, 7LSF) Runner from 3rd tags up, SCORES, no throw
|
Pinch Hitting: RHB Henry Rice
|
0-0: Ball 1-0: Called Strike 1-1: Ball 2-1: Fly out, F4 (Flyball, 4MD)
|
Top of the 9th over - 1 run, 2 hits, 0 errors, 1 left on base; Louisville 16 - Mississippi 15 |
BOTTOM OF THE 9TH |
Mississippi Rebels batting - Pitching for Louisville Cardinals : LHP Chris Belcher
|
Now at 2B: Henry Rice
|
|
Batting: LHB Howard Tyler
|
0-0: Ball 1-0: Ball 2-0: Ball 3-0: Base on Balls
|
Batting: RHB Jesús Pérez
|
0-0: Ball 1-0: Foul Ball, location: 2F 1-1: Ball 2-1: Foul Ball, location: 2F 2-2: Strikes out swinging
|
Batting: RHB Manuel Ortíz
|
0-0: Ball 1-0: Ball 2-0: Ball 3-0: Base on Balls Howard Tyler to second
|
Batting: RHB Fernando Pagán
|
0-0: Grounds into double play, 4-6-3 (Groundball, 4)
|
Bottom of the 9th over - 0 runs, 0 hits, 0 errors, 1 left on base; Louisville 16 - Mississippi 15 |
|